 Dungeon Crawl Stone Soup version 0.29-a0-582-ge82337ba6a (webtiles) character file.

Game seed: 11666847318741204482

342 zeratav the Slicer (level 6, -1/35 HPs)
             Began as a Kobold Brigand on June 14, 2022.
             Killed from afar by an orc wizard (5 damage)
             ... with a magic dart
             ... on level 4 of the Dungeon.
             The game lasted 00:07:49 (3507 turns).

zeratav the Slicer (Kobold Brigand)                 Turns: 3507, Time: 00:07:50

Health: -1/35      AC: 11    Str:  8    XL:     6   Next: 88%
Magic:  6/6        EV: 13    Int: 12    God:
Gold:   231        SH:  6    Dex: 25    Spells: 5/5 levels left

rFire   . . .      SeeInvis +   g - +0 short sword (protect) {short}
rCold   . . .      Faith    .   h - +0 buckler
rNeg    . . .      Spirit   .   f - +0 leather armour
rPois   .          Reflect  .   (no helmet)
rElec   .          Harm     .   c - +0 cloak
rCorr   .          Rampage  .   (no gloves)
Will    .....                   (no boots)
Stlth   ++++......              (no amulet)
HPRegen 0.11/turn               b - +6 ring of dexterity
MPRegen 0.10/turn               n - ring of see invisible

@: under a protective aura
A: small, no large weapons, nightstalker 3
a: no special abilities


You were on level 4 of the Dungeon.
You visited 2 branches of the dungeon, and saw 5 of its levels.

You collected 231 gold pieces.


Innate Abilities, Weirdness & Mutations

You are small and have problems with some larger weapons.
You are completely attuned to the shadows.


   Skills:
 - Level 2.1 Fighting
 + Level 8.9 Short Blades
 - Level 2.1 Throwing
 - Level 1.2 Dodging
 - Level 5.3 Stealth


You had 5 spell levels left.
You didn't know any spells.
Your spell library was empty.

Inventory:

Hand Weapons
 a - a +2 dagger {short}
 g - a +0 short sword of protection (weapon) {short}
   (You took it off a kobold on level 1 of the Dungeon)
 C - a +0 long sword {long}
   (You found it on level 3 of the Dungeon)
Missiles
 d - 12 poisoned darts (quivered) {throwing}
 e - 3 curare-tipped darts {=fthrowing}
Armour
 c - a +0 cloak (worn)
 f - a +0 leather armour (worn)
   (You found it on level 1 of the Dungeon)
 h - a +0 buckler (worn)
   (You found it on level 1 of the Dungeon)
 k - a +0 scale mail
   (You found it on level 4 of the Dungeon)
 q - a +0 robe
   (You found it on level 4 of the Dungeon)
Jewellery
 b - a +6 ring of dexterity (left hand)
   (You found it on level 2 of the Dungeon)
 n - a ring of see invisible (right hand)
   (You found it on level 1 of the Dungeon)
 p - a ring of poison resistance
   (You found it on level 2 of the Dungeon)
 s - a +6 ring of intelligence
   (You found it on level 2 of the Dungeon)
Scrolls
 i - a scroll of immolation {unknown}
 l - a scroll of summoning {unknown}
 m - a scroll of poison {unknown}
 r - 5 scrolls of teleportation {unknown}
 v - a scroll of vulnerability {unknown}
 w - 2 scrolls of amnesia {unknown}
 B - 3 scrolls of identify {unknown}
 D - a scroll of magic mapping {unknown}
 G - a scroll of enchant armour {unknown}
Potions
 j - 2 potions of lignification {unknown}
 o - a potion of curing {unknown}
 t - a potion of attraction {unknown}
 u - a potion of flight {unknown}
 x - 2 potions of might {unknown}
 z - a potion of haste {unknown}
 E - a potion of resistance {unknown}
 F - a potion of berserk rage {unknown}
 H - a potion of magic {unknown}

Dungeon Overview and Level Annotations

Branches:
Dungeon (4/15)             Temple (1/1) D:4

Altars:
Ashenzari
Cheibriados
Dithmenos
Elyvilon
Fedhas
Gozag
Hepliaklqana
Kikubaaqudgha
Nemelex Xobeh
Okawaru
Qazlal
Sif Muna
Vehumet
Yredelemnul
The Shining One

Shops:
D:1

* ...# ...##
.......
....########......
≈≈...≈.≈≈..≈≈≈..##
≈.≈≈≈≈≈.≈≈≈≈≈≈...##
≈.≈♣♣♣≈.≈ ♣≈)....##
≈.≈♣ ≈.≈ ♣≈)......
≈≈≈ .≈♣♣♣≈≈.o##.
≈≈≈≈≈..o@#
$≈≈≈≈.#..##
≈≈≈≈≈≈.#..#
≈♣♣♣≈.....##
♣≈≈.##..#
♣≈..##..##
≈≈≈.###..# .≈..
##.## #..##


You could see an orc wizard (invisible) and an orc.


Message History

The orc wizard casts a spell at you. The puff of flame hits you.
HP[-3]
You take 3 damage, and now have 32/35 hp.
You nearly stumble into some deep water!
The orc barely misses you.
You are engulfed in a cloud of scalding steam.
* * * LOW HITPOINT WARNING * * *
The orc is engulfed in a cloud of scalding steam.
The orc hits you with a +0 whip.
* * * LOW HITPOINT WARNING * * *
The adder barely misses you.
The orc is engulfed in a cloud of scalding steam.
The orc dies!
HP[-17]
You take 17 damage, and now have 15/35 hp.
MASSIVE DAMAGE!! (PAUSE)
The adder bites you.
* * * LOW HITPOINT WARNING * * *
HP[-1]
You take 1 damage, and now have 14/35 hp.
You feel less confused. The adder misses you.
The orc wizard hits you with a +2 dagger of pain.
* * * LOW HITPOINT WARNING * * *
You writhe in agony.
* * * LOW HITPOINT WARNING * * *
The orc wizard hits you with a +0 dagger.
* * * LOW HITPOINT WARNING * * *
HP[-5]
You take 5 damage, and now have 9/35 hp.
The orc wizard attacks as you move away!
You block the orc wizard's attack.
The orc wizard attacks as you move away!
The orc wizard misses you.
You hit the orc wizard.
Your weapon exudes an aura of protection.
The adder bites you but does no damage.
The orc wizard hits you but does no damage.
You puncture the orc wizard!
You kill the orc wizard!
The adder bites you.
* * * LOW HITPOINT WARNING * * *
HP[-2]
You take 2 damage, and now have 7/35 hp.
You hit the adder but do no damage. The adder barely misses you.
HP[+1]
You miss the adder. The adder bites you but does no damage.
You block the orc's attack.
You hit the adder. The adder bites you but does no damage.
The orc barely misses you.
You closely miss the adder. The adder bites you but does no damage.
You closely miss the adder. You block the orc's attack.
The adder closely misses you.
You miss the adder. You block the adder's attack. The orc barely misses you.
You hit the adder. The adder barely misses you. The orc misses you.
You puncture the adder!
You kill the adder!
You hit the orc but do no damage.
You hit the orc wizard but do no damage.
The orc hits you but does no damage. You block the orc wizard's attack.
Throw: 14 darts (poison) {throwing}
Press: ? - help, Q - select action, (/) - cycle Shift-Dir - straight line, f - orc wizard
Aim: an orc wizard, wielding a +0 dagger and wearing a +0 robe (slightly transparent, 60% to hit)
You throw a poisoned dart {throwing}.
The poisoned dart {throwing} barely misses the orc wizard.
You hear a splash.
The orc hits you but does no damage.
The orc wizard hits you but does no damage.
Throw: 13 darts (poison) {throwing}
Press: ? - help, Q - select action, (/) - cycle Shift-Dir - straight line, f/p - orc wizard
Aim: an orc wizard, wielding a +0 dagger and wearing a +0 robe (slightly transparent, 60% to hit)
You throw a poisoned dart {throwing}.
The poisoned dart {throwing} barely misses the orc wizard.
You hear a splash.
The orc closely misses you.
You hit the orc wizard. The orc wizard barely misses you.
HP[+1]
You hit the orc wizard but do no damage.
The orc hits you but does no damage.
The orc wizard hits you but does no damage.
You hit the orc wizard. The orc hits you with a +0 dagger.
* * * LOW HITPOINT WARNING * * *
HP[-1]
You take 1 damage, and now have 8/35 hp.
You hit the orc wizard.
The orc wizard hits you but does no damage.
The orc hits you with a +0 dagger.
* * * LOW HITPOINT WARNING * * *
HP[-4]
You take 4 damage, and now have 4/35 hp.
You barely miss the orc wizard. The orc wizard closely misses you.
You hit the orc wizard. The orc closely misses you.
The orc wizard hits you but does no damage.
You hit the orc wizard but do no damage.
The orc barely misses you.
You hit the orc wizard but do no damage.
The orc wizard casts a spell at you. The magic dart hits you.
You die...

Skill      XL: |  1  2  3  4  5  6 |
---------------+-------------------+-----
Short Blades   | 3 4 5 6 7 8 |  8.9
Fighting       | |  2.1
Throwing       | |  2.1
Dodging        | |  1.2
Stealth        | |  5.3

Action                   |  1- 3 |  4- 6 || total
-------------------------+-------+-------++-------
Melee: Dagger            |    20 |       ||    20
       Short sword       |    68 |   107 ||   175
       Punch             |     1 |       ||     1
Throw: Dart              |       |     2 ||     2
 Stab: Sleeping          |    18 |    32 ||    50
       Distracted        |     1 |       ||     1
Armor: Leather armour    |    24 |    22 ||    46
Dodge: Dodged            |    48 |    41 ||    89
Block: Buckler           |     9 |    15 ||    24

Levels and vault maps discovered:
D:1:      minmay_arrival_semitransparent, layout_loops_cross, serial_shops,
          shop_coins, shapermc_ecumenical_altar_pompeii
D:2:      layout_loops_corners, basic_altar, serial_undead, serial_undead_c,
          serial_undead_f, serial_undead_f, serial_undead_a, serial_undead_b,
          serial_undead_b, st_stairs_7
D:3:      layout_basic, dreamdust_mushroom_princess, kennysheep_crisscross
D:4:      layout_cave_pods, lemuel_tele_altar, mainiacjoe_overflow_two_lobes,
          minmay_temple_entry_arrows, kennysheep_boxes
Temple:   nicolae_temple_figure_eight

Notes
Turn   | Place    | Note
-------+----------+-------------------------------------------
     0 | D:1      | zeratav the Kobold Brigand began the quest for the Orb.
     0 | D:1      | Reached XP level 1. HP: 12/12 MP: 1/1
     0 | D:1      | magus.rc [v1.9.6]
    24 | D:1      | You fall into a shaft and drop 1 floor!
   218 | D:1      | Reached skill level 3 in Short Blades
   233 | D:1      | Reached XP level 2. HP: 5/17 MP: 2/2
   233 | D:1      | HP: 3/17 [hobgoblin (3)]
   620 | D:1      | Reached skill level 4 in Short Blades
   788 | D:1      | Reached XP level 3. HP: 21/21 MP: 3/3
  1131 | D:1      | Reached skill level 5 in Short Blades
  1140 | D:1      | Found Laufain's General Store.
  1234 | D:1      | Found a faded altar of an unknown god.
  1377 | D:2      | Reached XP level 4. HP: 21/26 MP: 4/4
  1465 | D:2      | Found a hazy altar of Hepliaklqana.
  1794 | D:2      | Reached skill level 6 in Short Blades
  1892 | D:2      | Reached XP level 5. HP: 30/30 MP: 5/5
  2307 | D:3      | Noticed an ogre
  2310 | D:3      | Killed an ogre
  2311 | D:3      | Reached skill level 7 in Short Blades
  2311 | D:3      | Reached XP level 6. HP: 35/35 MP: 6/6
  2916 | D:4      | Found a staircase to the Ecumenical Temple.
  2922 | Temple   | Entered the Ecumenical Temple
  3270 | D:4      | Found a blossoming altar of Fedhas.
  3464 | D:4      | Noticed a black bear
  3468 | D:4      | Killed a black bear
  3469 | D:4      | Reached skill level 8 in Short Blades
  3487 | D:4      | HP: 7/35 [adder (2)]
  3502 | D:4      | HP: 8/35 [orc/+0 dagger (1)]
  3507 | D:4      | Killed from afar by an orc wizard

Vanquished Creatures
  A black bear (D:4)
  An ogre (D:3)
  An orc wizard (D:4)
  3 adders
  An ufetubus (D:4)
  3 adder skeletons (D:2)
  An adder zombie (D:2)
  2 dart slugs
  2 orcs (D:4)
  9 ball pythons
  8 bats
  A bat skeleton (D:2)
  3 endoplasms
  7 giant cockroaches
  10 hobgoblins
  6 quokkas
  A ball python skeleton (D:2)
  2 frilled lizards
  A giant cockroach zombie (D:2)
  8 goblins
  A jackal skeleton (D:2)
  A jackal zombie (D:2)
  13 kobolds
  A quokka skeleton (D:2)
  3 rats (D:1)
90 creatures vanquished.

Vanquished Creatures (others)
  An orc (D:4)
  A fungus (D:3)
  2 withered plants (D:2)
4 creatures vanquished.

Grand Total: 94 creatures vanquished

Table legend:
 A = Non-vault XP
 B = Vault XP
 C = Vault XP percentage of total XP
 D = Non-vault monster count
 E = Vault monster count
 F = Vault count percentage of total count
                 A         B        C        D         E       F
            +---------+---------+-------+---------+---------+-------
      Total |     460 |      29 |   5.9 |      79 |      11 |  12.2
            +---------+---------+-------+---------+---------+-------
        D:1 |      51 |       0 |   0.0 |      30 |       0 |   0.0
        D:2 |      64 |      29 |  31.2 |      21 |      11 |  34.4
        D:3 |     149 |       0 |   0.0 |      19 |       0 |   0.0
        D:4 |     196 |       0 |   0.0 |       9 |       0 |   0.0
            +---------+---------+-------+---------+---------+-------

Illustrated notes

Table legend:
 A = Kills in this place as a percentage of kills in entire the game.
 B = Kills by you in this place as a percentage of kills by you in the entire game.
 C = Kills by friends in this place as a percentage of kills by friends in the entire game.
 D = Other kills in this place as a percentage of other kills in the entire game.
 E = Experience gained in this place as a percentage of experience gained in the entire game.
 F = Experience gained in this place divided by the number of levels of this place that you have seen.
                   A       B       C       D       E      F
               +-------+-------+-------+-------+-------+----------------------
         Total | 100.0 | 100.0 |   N/A |   N/A | 100.0 |  97.8
       Dungeon | 100.0 | 100.0 |   N/A |   N/A | 100.0 | 122.2
               +-------+-------+-------+-------+-------+----------------------

Table legend: (Time is in decaauts)
 A = Elapsed time spent in this place.
 B = Non-inter-level travel time spent in this place.
 C = Inter-level travel time spent in this place.
 D = Time resting spent in this place.
 E = Time spent auto-exploring this place.
 F = Levels seen in this place.
 G = Mean time per level.
                   A        B        C        D        E       F      G
               +--------+--------+--------+--------+--------+-----+--------+
         Total |   3494 |   3398 |     96 |    422 |   2402 |   5 |  698.8 |
       Dungeon |   3274 |   3197 |     77 |    422 |   2201 |   4 |  818.5 |
        Temple |    220 |    202 |     18 |      0 |    201 |   1 |  220.0 |
               +--------+--------+--------+--------+--------+-----+--------+

Top non-repeatable levels by time:
     D:2: 1138 daAuts
     D:1: 1064 daAuts
     D:4: 561 daAuts
     D:3: 509 daAuts
  Temple: 220 daAuts
